 Dungeon Crawl Stone Soup version 0.20.0-15-g7f486f2 (webtiles) character file.

3306 JarielCorvus the Thaumaturge (level 9, -2/46 HPs)
             Began as a Deep Elf Wizard on June 22, 2017.
             Was a Believer of Vehumet.
             Shot with a sling bullet by Joseph (6 damage)
             ... on level 8 of the Dungeon.
             The game lasted 00:28:42 (8390 turns).

JarielCorvus the Thaumaturge (Deep Elf Wizard)      Turns: 8390, Time: 00:28:43

Health: -2/46      AC:  8    Str:  8    XL:     9   Next: 70%
Magic:  25/34      EV: 13    Int: 27    God:    Vehumet [**....]
Gold:   366        SH:  0    Dex: 13    Spells: 14/28 levels left

rFire    + . .     SeeInvis .   y - staff of energy
rCold    . . .     Gourm    .   (no shield)
rNeg     + . .     Faith    .   C - +0 robe {rN+}
rPois    .         Spirit   .   b - +0 hat
rElec    .         Reflect  .   p - +2 cloak
rCorr    .         Harm     .   (no gloves)
MR       .....                  j - +0 pair of boots
Stlth    ++........             (no amulet)
Regen    0.2/turn               o - ring of magical power
MPRegen  0.3/turn               B - +4 ring of strength

@: no status effects
A: icy blue scales 1, fire resistance 1, evolution 1, MP-powered wands
a: Renounce Religion


You were on level 8 of the Dungeon.
You worshipped Vehumet.
Vehumet was pleased with you.
You were not hungry.

You visited 2 branches of the dungeon, and saw 9 of its levels.

You collected 366 gold pieces.

Inventory:

Hand Weapons
 e - a +0 short sword
 i - a +2 dagger of flaming
 n - a +4 quarterstaff of chaos
Armour
 a - a +2 robe
 b - a +0 hat (worn)
 j - a +0 pair of boots (worn)
 p - a +2 cloak (worn)
 q - a +0 troll leather armour {Purgy}
 C - a +0 robe of positive energy (worn)
Magical Staves
 y - an uncursed staff of energy (weapon)
Jewellery
 o - a ring of magical power (left hand)
 t - a +3 ring of intelligence
 w - a -2 ring of evasion
 B - a +4 ring of strength (right hand)
Wands
 v - a wand of acid (11/15)
Scrolls
 f - 3 scrolls of remove curse
 g - 6 scrolls of teleportation
 s - 3 scrolls of enchant armour
 I - a scroll of fear
Potions
 h - a potion of invisibility
 r - 3 potions of curing
 u - a potion of agility
 x - a potion of resistance
 z - 2 potions of magic
 A - a potion of might {unknown}
 K - a potion of brilliance
Books
 c - a book of Minor Magic

   Spells                             Type                      Level
   a - Magic Dart                     Conjuration                  1
   b - Blink                          Translocation                2
   c - Call Imp                       Summoning                    2
   d - Slow                           Hexes                        2
   e - Conjure Flame                  Conjuration/Fire             3
   f - Mephitic Cloud                 Conjuration/Poison/Air       3
 D - a book of Callings

   Spells                             Type                      Level
   a - Summon Small Mammal            Summoning                    1
   b - Call Imp                       Summoning                    2
   c - Call Canine Familiar           Summoning                    3
   d - Summon Guardian Golem          Hexes/Summoning              3
   e - Summon Lightning Spire         Summoning/Air                4
   f - Summon Ice Beast               Ice/Summoning                4
 F - the Guide on Flight and Summoning
   (You found it on level 7 of the Dungeon)

   Spells                             Type                      Level
   a - Poisonous Vapours              Poison/Air                   2
   b - Call Canine Familiar           Summoning                    3
   c - Summon Lightning Spire         Summoning/Air                4
   d - Silence                        Hexes/Air                    5
   e - Deflect Missiles               Charms/Air                   6
Comestibles
 d - 7 bread rations
 k - 2 royal jellies
 l - 6 fruits
 m - 5 meat rations


   Skills:
 * Level 0.5 Fighting
 - Level 2.4 Dodging
 - Level 2.4 Stealth
 - Level 10.0 Spellcasting
 - Level 10.0 Conjurations
 - Level 1.1 Summonings
 - Level 1.1 Translocations
 + Level 5.6 Fire Magic
 + Level 5.2 Air Magic


You had 14 spell levels left.
You knew the following spells:

 Your Spells              Type           Power        Failure   Level  Hunger
a - Magic Dart            Conj           ####         1%          1    None
b - Blink                 Tloc           N/A          4%          2    None
c - Call Imp              Summ           ###.....     4%          2    None
d - Conjure Flame         Conj/Fire      ######..     1%          3    None
e - Mephitic Cloud        Conj/Pois/Air  #####...     1%          3    None
f - Flame Tongue          Conj/Fire      #####        1%          1    None
g - Poisonous Vapours     Pois/Air       ####..       2%          2    None


Dungeon Overview and Level Annotations

Branches:
Dungeon (8/15)             Temple (1/1) D:5
   Lair: D:8-11

Altars:
Ashenzari
Dithmenos
Elyvilon
Fedhas
Gozag
Hepliaklqana
Kikubaaqudgha
Makhleb
Nemelex Xobeh
Okawaru
Qazlal
Ru
Sif Muna
Trog
Uskayaw
Vehumet
Xom
Yredelemnul
Zin
The Shining One

Annotations:
D:7 Timinator's ghost, novice DsSk
D:8 Joseph


Innate Abilities, Weirdness & Mutations

You are partially covered in icy blue scales. (AC +2)
Your flesh is heat resistant. (rF+)
You evolve.
You expend magic power (3 MP) to strengthen your wands.


Message History

The magic dart hits Joseph.
Joseph is engulfed in blazing flames.
Joseph shoots a sling bullet.
The sling bullet hits you.
Casting: Magic Dart
Confirm with . or Enter, or press ? or * to list all spells.
Aiming: Magic Dart
Press: ? - help, Shift-Dir - straight line, f/p - quasit
Aim: a quasit The magic dart hits Joseph.
Joseph is lightly wounded.
Joseph is engulfed in blazing flames.
Joseph shoots a sling bullet.
The sling bullet hits you!!
* * * LOW HITPOINT WARNING * * *
Casting: Magic Dart
Confirm with . or Enter, or press ? or * to list all spells.
Aiming: Magic Dart
Press: ? - help, Shift-Dir - straight line, p - quasit
Okay, then.
Joseph is engulfed in blazing flames.
Joseph shoots a sling bullet.
The sling bullet hits you.
You die...

#.####### ###.....#
#.......# #.......#
#.##....# #†#.###.#
#<.#....###.#.###.#
##.#.....†.........
#.......##.####.)#
###.#.....##.# #..#
. #.........##.#
#..#
....###@..(.......
...#
...5@§.(..###.####
##.## ....###...#
#.. #. # .. #.#)#
#.# #. . ....#
..... ##.#### #.#
..#


You could see Joseph and a quasit.

Vanquished Creatures
  The ghost of ANON1729 the Destroyer, a novice TeCj (D:6)
  Sigmund (D:3)
  A spriggan (D:7)
  Menkaure (D:7)
  Purgy (D:4)
  An ice beast (D:6)
  A phantom (D:5)
  A sky beast (D:6)
  4 ogres
  2 orc warriors
  Blork the orc (D:6)
  6 bullfrogs
  3 scorpions
  2 electric eels (D:6)
  3 wights (D:6)
  A crimson imp (D:4)
  6 orc wizards
  Crazy Yiuf (D:2)
  A bullfrog skeleton (D:6)
  3 orc priests (D:6)
  A quasit (D:6)
  Terence (D:2)
  7 worker ants
  A hound zombie (D:5)
  Robin (D:3)
  5 adders
  A shadow imp (D:6)
  2 oozes
  An adder skeleton (D:4)
  2 worms
  A dart slug (D:3)
  4 leopard geckos
  27 orcs
  3 giant cockroaches
  11 goblins
  4 hobgoblins
  7 jackals
  4 kobolds
  2 quokkas
  2 ball pythons
  5 bats
  5 frilled lizards
  2 jackal skeletons
  5 rats
145 creatures vanquished.

Vanquished Creatures (collateral kills)
  The ghost of reel the Destroyer, a novice DECj (D:5)
  An orc wizard (D:5)
  2 orcs (D:5)
4 creatures vanquished.

Vanquished Creatures (others)
  11 plants (D:6)
11 creatures vanquished.

Grand Total: 160 creatures vanquished

Notes
Turn   | Place    | Note
-------+----------+-------------------------------------------
     0 | D:1      | JarielCorvus the Deep Elf Wizard began the quest for the Orb.
     0 | D:1      | Reached XP level 1. HP: 10/10 MP: 7/7
   220 | D:1      | Reached XP level 2. HP: 15/15 MP: 5/9
   224 | D:1      | Learned a level 2 spell: Blink
   227 | D:1      | Learned a level 2 spell: Call Imp
   228 | D:1      | Reached skill level 5 in Spellcasting
  1192 | D:2      | Reached XP level 3. HP: 19/19 MP: 8/11
  1240 | D:2      | Found a sacrificial altar of Ru.
  1319 | D:2      | Noticed Terence
  1331 | D:1      | Learned a level 3 spell: Conjure Flame
  1335 | D:1      | Learned a level 3 spell: Mephitic Cloud
  1508 | D:2      | Killed Terence
  1508 | D:2      | Reached XP level 4. HP: 24/24 MP: 0/14
  1877 | D:2      | Found a runed door.
  2047 | D:2      | Noticed Crazy Yiuf
  2060 | D:2      | Killed Crazy Yiuf
  2164 | D:3      | Noticed Robin
  2172 | D:3      | Killed Robin
  2343 | D:3      | Reached XP level 5. HP: 11/28 MP: 5/16
  2546 | D:3      | Noticed an orc warrior
  2699 | D:3      | Killed an orc warrior
  2849 | D:3      | Found a stormy altar of Qazlal.
  2849 | D:3      | Found a shattered altar of Ashenzari.
  2964 | D:3      | Reached XP level 6. HP: 9/32 MP: 9/18
  3345 | D:3      | Noticed Sigmund
  3357 | D:3      | Killed Sigmund
  3357 | D:3      | Reached XP level 7. HP: 36/36 MP: 1/21
  3498 | D:3      | Gained mutation: You expend magic power (3 MP) to strengthen your wands. [potion of mutation]
  3498 | D:3      | Gained mutation: Your flesh is heat resistant. (rF+) [potion of mutation]
  3498 | D:3      | Gained mutation: You evolve. [potion of mutation]
  3516 | D:4      | Noticed Purgy
  3541 | D:4      | Killed Purgy
  3541 | D:4      | Reached skill level 5 in Conjurations
  4251 | D:5      | Entered Level 5 of the Dungeon
  4267 | D:5      | Reached skill level 10 in Spellcasting
  4344 | D:5      | Found a staircase to the Ecumenical Temple.
  4353 | Temple   | Entered the Ecumenical Temple
  4445 | Temple   | Became a worshipper of Vehumet
  4607 | D:5      | Reached skill level 1 in Fire Magic
  4607 | D:5      | Reached skill level 1 in Air Magic
  4786 | D:5      | Reached XP level 8. HP: 24/41 MP: 9/24
  4886 | D:5      | Found an opulent altar of Gozag.
  4904 | D:5      | Noticed reel's ghost (novice DECj)
  4926 | D:5      | Killed reel's ghost
  4937 | D:5      | Found a blossoming altar of Fedhas.
  5725 | D:6      | Noticed ANON1729's ghost (novice TeCj)
  5750 | D:6      | Killed ANON1729's ghost
  5947 | D:6      | Reached * piety under Vehumet
  5947 | D:6      | Offered knowledge of Flame Tongue by Vehumet.
  6088 | D:6      | Reached XP level 9. HP: 45/45 MP: 20/25
  6242 | D:6      | Noticed Blork the orc
  6276 | D:6      | Killed Blork the orc
  6405 | D:6      | Learned a level 1 spell: Flame Tongue
  6890 | D:6      | Found a shadowy altar of Dithmenos.
  7185 | D:6      | Reached skill level 5 in Fire Magic
  7577 | D:7      | Identified the Guide on Flight and Summoning
  7582 | D:7      | Learned a level 2 spell: Poisonous Vapours
  7744 | D:7      | Offered knowledge of Freeze by Vehumet.
  7744 | D:7      | Reached skill level 5 in Air Magic
  7840 | D:7      | Noticed Timinator's ghost (novice DsSk)
  7841 | D:7      | Noticed Menkaure
  7841 | D:7      | Reached ** piety under Vehumet
  8107 | D:7      | Killed Menkaure
  8107 | D:7      | Reached skill level 10 in Conjurations
  8281 | D:7      | Identified a scroll of acquirement
  8297 | D:7      | Gained mutation: You are partially covered in icy blue scales. (AC +2) [evolution]
  8383 | D:8      | Noticed Joseph
  8390 | D:8      | Shot with a sling bullet by Joseph

Skill      XL: |  1  2  3  4  5  6  7  8  9 |
---------------+----------------------------+-----
Spellcasting   | 5 6 7 9 10 | 10.0
Conjurations   | 2 3 4 6 8 10 | 10.0
Fire Magic     | 1 4 5 |  5.6
Air Magic      | 1 3 5 |  5.2
Fighting       | |  0.5
Dodging        | |  2.4
Stealth        | |  2.4
Summonings     | |  1.1
Translocations | |  1.1

Action                   |  1- 3 |  4- 6 |  7- 9 || total
-------------------------+-------+-------+-------++-------
Melee: Short sword       |    16 |     2 |       ||    18
       Quarterstaff      |       |     6 |     6 ||    12
 Cast: Magic Dart        |    81 |    95 |   368 ||   544
       Mephitic Cloud    |     2 |     6 |    10 ||    18
       Conjure Flame     |       |     1 |    27 ||    28
       Call Imp          |       |       |    14 ||    14
       Flame Tongue      |       |       |    34 ||    34
       Poisonous Vapours |       |       |    10 ||    10
  Use: Scroll            |     4 |     5 |    14 ||    23
       Potion            |       |     1 |     2 ||     3
  Eat: Chunk             |     1 |     4 |    12 ||    17
       Fruit             |       |     1 |       ||     1
       Bread ration      |       |       |     1 ||     1
Armor: Robe              |       |     5 |    27 ||    32
Dodge: Dodged            |    13 |    11 |    76 ||   100
